 Dungeon Crawl Stone Soup version 0.28-a0-751-gef3a642a4e (webtiles) character file.

Game seed: 14867839961308245761

287 avis the Insei (level 6, -13/43 HPs)
             Began as a Djinni Warper on Oct 31, 2021.
             Mangled by a two-headed ogre (21 damage)
             ... on level 5 of the Dungeon.
             The game lasted 00:26:54 (6318 turns).

avis the Insei (Djinni Warper)                      Turns: 6318, Time: 00:26:56

Health: -13/43     AC:  5    Str: 10    XL:     6   Next: 56%
Gold:   15         EV: 12    Int: 17    God:
                   SH:  0    Dex: 12

rFire   + + .      SeeInvis +     - Unarmed
rCold   . . .      Faith    .   (no shield)
rNeg    + . .      Spirit   .   i - +0 robe {rN+}
rPois   ∞          Reflect  .   y - +2 hat
rElec   .          Harm     .   (no cloak)
rCorr   .          Rampage  .   I - +0 pair of gloves
Will    .....                   (boots unavailable)
Stlth   +.........              (no amulet)
HPRegen 0.14/turn               h - ring of see invisible
MPRegen 0.00/turn               n - ring of protection from cold

@: flying, very slightly contaminated
A: sickness immunity, fire resistance 2, cold vulnerability 1, float, innate
caster, hp casting, extra vitality 1
a: no special abilities


You were on level 5 of the Dungeon.
You visited 1 branch of the dungeon, and saw 5 of its levels.

You collected 387 gold pieces.
You spent 372 gold pieces at shops.

Inventory:

Hand Weapons
 E - a +0 dagger of freezing
 F - a +1 mace of protection
Missiles
 c - 5 boomerangs of dispersal (quivered)
 f - 160 stones
 q - 57 poisoned darts
 t - 28 bolts
 u - 17 arrows
 x - a boomerang
 L - 2 atropa-tipped darts
Armour
 a - a +0 leather armour
 i - a +0 robe of positive energy (worn)
 w - a +0 ring mail
 y - a +2 hat (worn)
 A - a +3 scale mail
 C - a +0 chain mail
 I - a +0 pair of gloves (worn)
Jewellery
 h - a ring of see invisible (left hand)
 n - a ring of protection from cold (right hand)
 r - a +6 ring of dexterity
 G - the amulet "Miorrust" {Reflect -Cast +Inv rPois rN++ SH+5}
   (You found it on level 5 of the Dungeon)

   [amulet of reflection]

   It reflects blocked missile attacks.
   rPois:     It protects you from poison.
   rN:        It greatly protects you from negative energy.
   +Inv:      It lets you turn invisible.
   -Cast:     It prevents spellcasting.
   SH:        It affects your SH (+5).
Scrolls
 b - a scroll of blinking
 e - a scroll of enchant armour {unknown}
 g - a scroll of vulnerability {unknown}
 k - a scroll of brand weapon {unknown}
 l - a scroll of noise {unknown}
 m - 4 scrolls of fear {unknown}
 o - a scroll of fog
 p - 2 scrolls of teleportation
 s - 2 scrolls of identify
 z - a scroll of summoning {unknown}
 H - a scroll of holy word {unknown}
Potions
 d - a potion of haste
 j - 3 potions of curing
 v - a potion of brilliance
 B - 3 potions of attraction
 D - 2 potions of might
 J - a potion of mutation
 K - a potion of cancellation


   Skills:
 - Level 2.0 Fighting
 - Level 0.7 Throwing
 - Level 1.0 Armour
 - Level 2.1 Dodging
 * Level 6.0 Unarmed Combat
 - Level 3.0 Spellcasting


You couldn't memorise any spells.
You knew the following spells:

 Your Spells              Type           Power      Damage    Failure   Level
a - Foxfire               Conj/Fire      48%        2x1d6     4%          1
b - Blink                 Tloc           24%        N/A       8%          2
c - Passwall              Tmut/Erth      10%        N/A       8%          2
g - Gell's Gravitas       Tloc           6%         N/A       16%         3
k - Lesser Beckoning      Tloc           12%        N/A       16%         3
o - Teleport Other        Tloc           12%        N/A       16%         3
M - Manifold Assault      Tloc           12%        N/A       80%         5
Your spell library was empty.

Dungeon Overview and Level Annotations

Branches:
Dungeon (5/15)
 Temple: D:4-7

Altars:

Shops:
D:2 *   D:5 *


Innate Abilities, Weirdness & Mutations

You are immune to sickness and miasma.
You are immune to poison.
Your flesh is very heat resistant. (rF++)
You are vulnerable to cold. (rC-)
You float through the air rather than walking.
You learn spells naturally, not from books.
Your magical power is your life essence.
You have superior vitality. (+4 HP)


Message History

You conjure some foxfire!
The two-headed ogre hits you with a +0 giant club!
The two-headed ogre barely misses you.
The foxfire hits the two-headed ogre but does no damage.
The two-headed ogre is moderately wounded.
The foxfire hits the two-headed ogre.
The two-headed ogre is moderately wounded.
Casting: Foxfire (safe; 4% risk of failure)
Confirm with . or Enter, or press ? or * to list all spells.
You are still too unstable to blink.
Unknown command.
Casting: Blink (safe; 8% risk of failure)
Confirm with . or Enter, or press ? or * to list all spells.
You conjure some foxfire!
The two-headed ogre hits you with a +0 giant club.
The two-headed ogre hits you with a +0 dire flail!
* * * LOW HITPOINT WARNING * * *
The foxfire hits the two-headed ogre but does no damage.
The two-headed ogre is moderately wounded.
The foxfire hits the two-headed ogre but does no damage.
The two-headed ogre is moderately wounded.
You feel stable enough to blink again.
Casting: Foxfire (safe; 4% risk of failure)
Confirm with . or Enter, or press ? or * to list all spells.
You blink.
* * * LOW HITPOINT WARNING * * *
You feel stable enough to blink again.
Casting: Blink (safe; 8% risk of failure)
Confirm with . or Enter, or press ? or * to list all spells.
You blink.
* * * LOW HITPOINT WARNING * * *
You feel stable enough to blink again.
Casting: Blink (safe; 8% risk of failure)
Confirm with . or Enter, or press ? or * to list all spells.
You miscast Blink.
You are very lightly contaminated with residual magic.
Nothing appears to happen.
* * * LOW HITPOINT WARNING * * *
The two-headed ogre hits you with a +0 giant club!!
You die...

...# #.............#
#### ##.########...#
#.# #...# ##.# ##.##
##..# ##.#### ##..##
#....># ###..##
#.#...# #...##
#O#...# #.### #@#...#
##.# #####.#...# ...#
#.........# ####
#.###.##### ###
####......## ..###
#.......<..## #...##
##...........#
###..###............#
##................#


You could see a two-headed ogre.

Vanquished Creatures
  A hound (D:5)
  3 iguanas
  An orc wizard (D:4)
  6 adders
  2 white imps
  An adder skeleton (D:4)
  A worm (D:3)
  3 dart slugs
  12 orcs
  8 ball pythons
  4 endoplasms
  A giant cockroach (D:3)
  4 goblins
  4 hobgoblins
  8 kobolds
  A quokka (D:2)
  A bat (D:1)
  5 frilled lizards
  6 rats
72 creatures vanquished.

Vanquished Creatures (others)
  292 foxfires
292 creatures vanquished.

Grand Total: 364 creatures vanquished

Notes
Turn   | Place    | Note
-------+----------+-------------------------------------------
     0 | D:1      | avis the Djinni Warper began the quest for the Orb.
     0 | D:1      | Reached XP level 1. HP: 18/18 MP: 0/0
   193 | D:1      | Reached XP level 2. HP: 23/23 MP: 0/0
   786 | D:2      | Reached skill level 3 in Unarmed Combat
   809 | D:2      | Reached XP level 3. HP: 9/28 MP: 0/0
   809 | D:2      | Learned a level 1 spell: Foxfire
  1402 | D:2      | Found Loewu's General Store.
  1417 | D:2      | Bought a scroll of fog for 24 gold pieces
  1417 | D:2      | Bought a scroll of teleportation for 36 gold pieces
  2267 | D:3      | Reached skill level 4 in Unarmed Combat
  2267 | D:3      | Reached XP level 4. HP: 32/33 MP: 0/0
  3516 | D:3      | Reached XP level 5. HP: 36/38 MP: 0/0
  3516 | D:3      | Learned a level 2 spell: Passwall
  4156 | D:4      | Reached skill level 5 in Unarmed Combat
  4405 | D:4      | Reached XP level 6. HP: 39/43 MP: 0/0
  5159 | D:5      | Entered Level 5 of the Dungeon
  5243 | D:5      | Noticed a two-headed ogre
  5565 | D:5      | Reached skill level 6 in Unarmed Combat
  5718 | D:5      | Identified the amulet "Miorrust" {Reflect -Cast +Inv rPois
                  | rN++ SH+5}
  5934 | D:5      | Found Ogamicwu's General Store.
  5953 | D:5      | Bought a potion of attraction for 36 gold pieces
  5953 | D:5      | Bought a potion of might for 48 gold pieces
  5953 | D:5      | Bought a potion of attraction for 36 gold pieces
  5953 | D:5      | Bought a potion of mutation for 96 gold pieces
  5953 | D:5      | Bought a potion of cancellation for 96 gold pieces
  5997 | D:5      | Noticed an ice beast
  6235 | D:5      | Noticed a black bear
  6318 | D:5      | Mangled by a two-headed ogre

Illustrated notes

Levels and vault maps discovered:
D:1:      lightli_arrival_boilingwater, layout_loops_ring
D:2:      layout_loops_ring, serial_shops, shop, chequers_serial_rivers_small_b
D:3:      minmay_angry_zag, layout_basic, minmay_close_crescents
D:4:      layout_basic
D:5:      layout_rooms, minmay_temple_entry_fiery, serial_shops, shop_coins

Skill      XL: |  1  2  3  4  5  6 |
---------------+-------------------+-----
Unarmed Combat | 3 4 5 6 |  6.0
Spellcasting   | 3 |  3.0
Fighting       | |  2.0
Throwing       | |  0.7
Armour         | |  1.0
Dodging        | |  2.1

Action                   |  1- 3 |  4- 6 || total
-------------------------+-------+-------++-------
Melee: Unarmed           |    59 |    12 ||    71
 Cast: Foxfire           |    28 |   155 ||   183
       Blink             |       |     5 ||     5
  Use: Scroll            |       |     3 ||     3
 Stab: Sleeping          |     1 |       ||     1
Armor: Leather armour    |     2 |       ||     2
       Robe              |    11 |     4 ||    15
Dodge: Dodged            |    50 |    36 ||    86

Table legend: (Time is in decaauts)
 A = Elapsed time spent in this place.
 B = Non-inter-level travel time spent in this place.
 C = Inter-level travel time spent in this place.
 D = Time resting spent in this place.
 E = Time spent auto-exploring this place.
 F = Levels seen in this place.
 G = Mean time per level.
                   A        B        C        D        E       F      G
               +--------+--------+--------+--------+--------+-----+--------+
         Total |   6323 |   5707 |    616 |   2149 |   2169 |   5 | 1264.6 |
       Dungeon |   6323 |   5707 |    616 |   2149 |   2169 |   5 | 1264.6 |
               +--------+--------+--------+--------+--------+-----+--------+

Top non-repeatable levels by time:
     D:4: 1750 daAuts
     D:3: 1666 daAuts
     D:1: 1162 daAuts
     D:2: 1135 daAuts
     D:5: 609 daAuts
